 Dungeon Crawl Stone Soup version 0.30-a0-737-gf23d94013f (webtiles) character file.

Game seed: 9538533840177490676

71 Jackthecabe the Sneak (level 4, -1/23 HPs)
             Began as a Vine Stalker Brigand on Feb 2, 2023.
             Killed from afar by an orc wizard (8 damage)
             ... with a magic dart
             ... on level 2 of the Dungeon.
             The game lasted 00:03:13 (1349 turns).

Jackthecabe the Sneak (Vine Stalker Brigand)        Turns: 1349, Time: 00:03:14

Health: -1/23      AC:  3    Str: 14    XL:     4   Next: 24%
Magic:  0/5        EV: 11    Int: 11    God:
Gold:   84         SH:  0    Dex: 17    Spells: 3/3 levels left

rFire   . . .      SeeInvis .    a - +2 dagger
rCold   . . .      Faith    .    (no shield)
rNeg    . . .      Spirit   +    b - +0 robe
rPois   .          Reflect  .    (no helmet)
rElec   .          Harm     .    c - +0 cloak
rCorr   .          Rampage  .    (no gloves)
Will    .....                    (no boots)
Stlth   +++                      h - amulet of regeneration
HPRegen 1.83/turn                (no ring)
MPRegen 0.09/turn                (no ring)

@: no status effects
A: fangs 2, regeneration 1, magic shield, antimagic bite, no potion heal 2
a: no special abilities


You were on level 2 of the Dungeon.
You visited 1 branch of the dungeon, and saw 2 of its levels.

You collected 84 gold pieces.


Innate Abilities, Weirdness & Mutations

You have extremely sharp teeth.
Your natural rate of healing is unusually fast.
When hurt, damage is shared between your health and your magic reserves.
Your bite disrupts and absorbs the magic of your enemies.
Potions cannot restore your health.


   Skills:
 - Level 1.7 Fighting
 + Level 4.0 Short Blades
 - Level 1.7 Throwing
 - Level 0.7 Dodging
 - Level 4.8 Stealth


You had 3 spell levels left.
You didn't know any spells.
Your spell library contained the following spells:

 Spells                   Type           Power      Damage    Failure   Level
 Foxfire                  Conj/Fire      0%         2x1d4     34%         1
 Stone Arrow              Conj/Erth      0%         3d7       71%         3
 Animate Armour           Summ/Erth      0%         N/A       98%         4
 Fireball                 Conj/Fire      0%         3d3       100%        5
 Starburst                Conj/Fire      0%         6d3       100%        6
 Lehudib's Crystal Spear  Conj/Erth      0%         10d2      100%        8

Inventory:

Hand Weapons
 a - a +2 dagger (weapon)
Missiles
 d - 12 poisoned darts (quivered)
 e - 3 curare-tipped darts {=f}
Armour
 b - a +0 robe (worn)
 c - a +0 cloak (worn)
Jewellery
 h - an amulet of regeneration (around neck)
 q - an amulet of magic regeneration
Scrolls
 i - a scroll of vulnerability
 k - a scroll of identify {@r1}
 l - 3 scrolls of teleportation {@r2}
 m - a scroll of enchant weapon
 o - a scroll of butterflies {unknown}
Potions
 f - 4 potions of curing {unknown}
 g - a potion of haste {unknown}
 j - a potion of mutation {unknown}
 n - a potion of experience {unknown}
 p - a potion of lignification {unknown}

Dungeon Overview and Level Annotations

Branches:
Dungeon (2/15)

Altars:

.#######.#.#..#....### #####....)
.#######†#.#..##.....###...#.##.#
.)..##..).....##..##..##..##.##..
....##...#....##'####........####
....##...#....##.##.........#....
....##...#....#...#.....###.#....
.#####........#8.8#.....# #.#....
.# #.####..##.o.#.....# #......
.#####.# #.####@######## #.###'#
.......# #.#....{..# #.###†#
######## ###.......'... ##.....#
#.......#... #...#... .'.......#
## #.#.#... ?.#...?.=.# #.#.###.
############ #.#.# #. ##+#.# #.
#######....###.


You could see an orc.


Message History

You hear some strange, mumbled words.
You are confused.
The orc attacks as you move away! The orc barely misses you.
Unknown command.
You bump into the rock wall.
The orc closely misses you.
You hit the orc.
The orc is severely wounded.
You miss the orc. Your bite misses the orc.
The orc is severely wounded.
The orc hits you with a +0 falchion of holy wrath.
You closely miss the orc. Your bite misses the orc.
The orc is severely wounded.
You bump into the rock wall.
The orc barely misses you.
The orc hits you with a +0 falchion of holy wrath.
Something hits you.
There is a broken door, spattered with blood here.
You miss something.
You feel less confused.
The orc hits you with a +0 falchion of holy wrath.
You hear some strange, mumbled words.
A magic dart appears from out of thin air!
The magic dart hits you!
* * * LOW HITPOINT WARNING * * *
You closely miss something.
The orc hits you with a +0 falchion of holy wrath.
* * * LOW HITPOINT WARNING * * *
You hear some strange, mumbled words.
A magic dart appears from out of thin air!
The magic dart hits you!
You die...

Skill      XL: |  1  2  3  4 |
---------------+-------------+-----
Short Blades   | 2 3 4 |  4.0
Fighting       | |  1.7
Throwing       | |  1.7
Dodging        | |  0.7
Stealth        | |  4.8

Action                     |  1- 3 |  4- 6 || total
---------------------------+-------+-------++-------
  Melee: Dagger            |    87 |    36 ||   123
         Bite              |    10 |     3 ||    13
         Punch             |     1 |       ||     1
    Use: Scroll            |     3 |       ||     3
   Stab: Sleeping          |    10 |       ||    10
 Armour: Robe              |    13 |     9 ||    22
  Dodge: Dodged            |    36 |    16 ||    52

Levels and vault maps discovered:
D:1:      beargit_arrival_greenhouse, layout_loops_corners,
          minmay_misc_feat_more_columns
D:2:      layout_basic, pf_guarded_unrand_delatra

Notes
Turn   | Place    | Note
-------+----------+-------------------------------------------
     0 | D:1      | Jackthecabe the Vine Stalker Brigand began the quest for
                  | the Orb.
     0 | D:1      | Reached XP level 1. HP: 11/11 MP: 2/2
    40 | D:1      | Reached skill level 2 in Short Blades
   195 | D:1      | Reached XP level 2. HP: 15/15 MP: 3/3
   576 | D:1      | Reached skill level 3 in Short Blades
   740 | D:1      | Reached XP level 3. HP: 18/18 MP: 4/4
  1196 | D:2      | Gained mutation: Your natural rate of healing is unusually
                  | fast. [Vine Stalker growth]
  1196 | D:2      | Reached XP level 4. HP: 20/23 MP: 2/5
  1262 | D:2      | Reached skill level 4 in Short Blades
  1327 | D:2      | Found the +1 Delatra's gloves {ID++}
  1349 | D:2      | Killed from afar by an orc wizard

Vanquished Creatures
  2 adders (D:2)
  A worm (D:2)
  3 dart slugs
  2 bats
  An endoplasm (D:1)
  A giant cockroach (D:2)
  9 goblins
  6 hobgoblins
  3 quokkas (D:2)
  A ball python (D:1)
  3 frilled lizards
  5 kobolds
  6 rats
43 creatures vanquished.

Table legend: (Time is in decaauts)
 A = Elapsed time spent in this place.
 B = Non-inter-level travel time spent in this place.
 C = Inter-level travel time spent in this place.
 D = Time resting spent in this place.
 E = Time spent auto-exploring this place.
 F = Levels seen in this place.
 G = Mean time per level.
                   A        B        C        D        E       F      G
               +--------+--------+--------+--------+--------+-----+--------+
         Total |   1329 |   1309 |     20 |      0 |   1010 |   2 |  664.5 |
       Dungeon |   1329 |   1309 |     20 |      0 |   1010 |   2 |  664.5 |
               +--------+--------+--------+--------+--------+-----+--------+

Top non-repeatable levels by time:
     D:1: 788 daAuts
     D:2: 541 daAuts

Table legend:
 A = Non-vault XP
 B = Vault XP
 C = Vault XP percentage of total XP
 D = Non-vault monster count
 E = Vault monster count
 F = Vault count percentage of total count
                 A         B        C        D         E       F
            +---------+---------+-------+---------+---------+-------
      Total |     102 |       0 |   0.0 |      43 |       0 |   0.0
            +---------+---------+-------+---------+---------+-------
        D:1 |      34 |       0 |   0.0 |      19 |       0 |   0.0
        D:2 |      68 |       0 |   0.0 |      24 |       0 |   0.0
            +---------+---------+-------+---------+---------+-------
